 Dungeon Crawl Stone Soup version 0.30-a0-242-g7bf8e6d787 (console) character file.

Game seed: 2183851364593261757

3768 jejorda2 the Carver (level 9, -1/112 HPs)
             Began as a Pale Draconian Berserker on Oct 11, 2022.
             Was an Elder of Trog.
             Slain by an orc warrior
             ... wielding a +0 war axe
              (17 damage)
             ... in a bailey.
             The game lasted 00:16:18 (7426 turns).

jejorda2 the Carver (Pale Draconian Berserker)      Turns: 7426, Time: 00:16:19

Health: -1/112     AC: 10    Str: 19    XL:     9   Next: 94%
Magic:  9/9        EV: 15    Int:  7    God:    Trog [****..]
Gold:   728        SH:  0    Dex: 16    Spells: 8/8 levels left

rFire   . . .      SeeInvis .    a - +3 falchion
rCold   . . .      Faith    +    (no shield)
rNeg    . . .      Spirit   .    (body armour unavailable)
rPois   .          Reflect  .    (helmet restricted)
rElec   .          Harm     .    w - +2 cloak
rCorr   .          Rampage  .    (no gloves)
Will    .....                    (no boots)
Stlth   ..........               B - amulet of faith
HPRegen 0.38/turn                (no ring)
MPRegen 0.11/turn                (no ring)

@: berserking, short of breath, very quick
A: breathe steam, AC +7, unfitting armour, cold-blooded, steam resistance
a: Breathe Steam, Renounce Religion, Berserk, Trog's Hand, Brothers in Arms


You were in a bailey.
You worshipped Trog.
Trog was greatly pleased with you.
You visited 1 branch of the dungeon, and saw 8 of its levels.
You also visited: Ossuary and Bailey.

You collected 728 gold pieces.

Inventory:

Hand Weapons
 a - a +3 falchion (weapon)
 b - a +2 dagger of venom
Missiles
 e - 92 stones (quivered)
 m - 12 poisoned darts
 C - 7 boomerangs
Armour
 w - a +2 cloak (worn)
Jewellery
 B - an amulet of faith (around neck)
Wands
 s - a wand of roots (10)
 u - a wand of flame (20)
Scrolls
 f - a scroll of butterflies
 i - 6 scrolls of teleportation
 k - a scroll of brand weapon
 v - a scroll of magic mapping
 x - 3 scrolls of blinking
 y - a scroll of vulnerability {unknown}
 z - a scroll of acquirement {unknown}
 A - 2 scrolls of fear
Potions
 c - 6 potions of curing
 d - 2 potions of attraction {unknown}
 g - 3 potions of flight
 h - a potion of berserk rage {unknown}
 j - 3 potions of brilliance {unknown}
 l - 2 potions of might {unknown}
 n - 4 potions of haste
 o - 2 potions of lignification {unknown}
 p - 8 potions of heal wounds
 q - a potion of ambrosia {unknown}
 r - 3 potions of mutation {unknown}
 t - a potion of cancellation {unknown}


   Skills:
 - Level 6.0 Fighting
 - Level 4.4(8.3) Short Blades
 * Level 11.0(11.3) Long Blades
 - Level 6.0 Dodging
 + Level 4.2 Evocations


You had 8 spell levels left.
You didn't know any spells.
Your spell library was empty.

Dungeon Overview and Level Annotations

Branches:
Dungeon (8/15)             Temple (0/1) D:7            Lair (0/5) D:8
Ossuary (visited)          Bailey (1/1)

Altars:
Cheibriados
Kikubaaqudgha
Ru

Annotations:
D:6 2 runed translucent doors


Innate Abilities, Weirdness & Mutations

You can breathe blasts of scalding, opaque steam.
Your pale cyan-grey scales are hard. (AC +7)
You cannot fit into any form of body armour.
You are cold-blooded and may be slowed by cold attacks.
You are immune to the effects of steam.


Message History

There is an open door, spattered with blood here.
Items here: ) [ †.
You barely miss the orc warrior. You tail-slap the orc warrior.
The orc warrior is moderately wounded.
The orc knight hits you with a +0 battleaxe!
The orc warrior hits you with a +0 war axe!
You are too injured to fight recklessly!
You are too injured to fight recklessly!
You are too injured to fight recklessly!
You are too injured to fight recklessly!
You are too injured to fight recklessly!
You are too injured to fight recklessly!
You closely miss the orc knight.
Your tail-slap misses the orc knight.
You miss the orc knight. You hit the orc knight.
The orc knight is lightly wounded.
The orc knight hits you with a +0 battleaxe!
The orc warrior misses you.
You slash the orc knight!
The orc knight is lightly wounded.
You barely miss the orc knight.
The orc knight is lightly wounded.
The orc knight hits you but does no damage.
The orc warrior hits you with a +0 war axe.
You slash the orc knight!
The orc knight is moderately wounded.
You slash the orc knight! You tail-slap the orc knight.
The orc knight is severely wounded.
The orc knight hits you with a +0 battleaxe!
* * * LOW HITPOINT WARNING * * *
The orc warrior hits you with a +0 war axe!
* * * LOW HITPOINT WARNING * * *
You slash the orc knight!
You tail-slap the orc knight, but do no damage.
The orc knight is almost dead.
You slash the orc knight!
You kill the orc knight!
Trog accepts your kill.
The orc warrior hits you with a +0 war axe!
You die...

###........≈≈≈≈≈≈≈≈.#
##....†..≈≈≈≈≈≈≈≈≈≈≈≈≈≈
##......~≈≈≈≈#########≈≈≈≈
###....)≈≈≈≈≈≈∩#.ogog..#∩≈≈≈
##≈≈≈≈≈≈≈~≈≈.####...o...####≈
≈≈≈≈≈≈≈......#..####'#### .#K
####......###..K^ .. .#
###.....#.#..###
##.......#@#..#
#.....⌠..o)#o.#
##........)#'##
##........(..#
####.............
#############.


You could see an orc warrior (strong).

Vanquished Creatures
  Pikel (D:5)
  An orc knight (Bailey)
  A troll (D:7)
  Sigmund (D:3)
  A wyvern (D:8)
  Eustachio (D:5)
  A steam dragon (D:7)
  3 water moccasins
  4 orc warriors
  A sky beast (D:7)
  An ogre (D:5)
  4 lemures (D:5)
  A kobold brigand (D:7)
  3 phantoms
  2 bullfrogs
  3 necrophages
  3 scorpions
  A hound (D:5)
  3 orc priests
  Crazy Yiuf (D:3)
  5 jellies
  2 orc wizards (D:6)
  6 iguanas
  8 mummies (Ossuary)
  Robin (D:4)
  13 adders
  An ufetubus (D:6)
  A worm (D:2)
  5 dart slugs
  20 orcs
  8 endoplasms
  2 giant cockroaches
  18 goblins
  7 hobgoblins
  2 jackals (D:1)
  17 kobolds
  4 quokkas
  2 ball pythons
  4 bats
  4 frilled lizards
  3 gnoll zombies (Ossuary)
  A hobgoblin zombie (Ossuary)
  A kobold zombie (Ossuary)
  3 orc zombies (Ossuary)
  3 rats
178 creatures vanquished.

Notes
Turn   | Place    | Note
-------+----------+-------------------------------------------
     0 | D:1      | jejorda2 the Draconian Berserker began the quest for the
                  | Orb.
     0 | D:1      | Reached XP level 1. HP: 19/19 MP: 1/1
   125 | D:1      | Reached XP level 2. HP: 15/26 MP: 2/2
   563 | D:1      | Reached XP level 3. HP: 33/33 MP: 3/3
   805 | D:1      | Reached ** piety under Trog
  1172 | D:2      | Reached skill level 4 in Long Blades
  1405 | D:2      | Reached XP level 4. HP: 34/40 MP: 4/4
  2013 | D:3      | Noticed Sigmund
  2032 | D:3      | Killed Sigmund
  2033 | D:3      | Reached skill level 5 in Long Blades
  2033 | D:3      | Reached XP level 5. HP: 36/47 MP: 5/5
  2153 | D:3      | Reached XP level 6. HP: 53/53 MP: 6/6
  2184 | D:3      | Found a runed translucent door.
  2185 | D:3      | Noticed Crazy Yiuf
  2194 | D:3      | Killed Crazy Yiuf
  2511 | D:3      | Found an ancient bone altar of Kikubaaqudgha.
  3200 | D:4      | Reached skill level 5 in Fighting
  3503 | D:4      | Reached skill level 6 in Long Blades
  3724 | D:4      | Found a snail-covered altar of Cheibriados.
  3737 | D:4      | Noticed a water moccasin
  3750 | D:4      | Killed a water moccasin
  3751 | D:4      | Your scales start taking on a pale cyan-grey colour.
  3751 | D:4      | Reached XP level 7. HP: 61/61 MP: 7/7
  3751 | D:4      | Gained mutation: You are immune to the effects of steam.
                  | [Pale Draconian growth]
  3815 | D:4      | Noticed Robin
  3831 | D:4      | Killed Robin
  3897 | D:4      | Reached *** piety under Trog
  4287 | D:5      | Entered Level 5 of the Dungeon
  4332 | D:5      | Reached skill level 1 in Short Blades
  4464 | D:5      | Reached skill level 7 in Long Blades
  4640 | D:5      | Reached XP level 8. HP: 70/70 MP: 8/8
  4668 | D:5      | Found a sand-covered staircase.
  4675 | Ossuary  | Entered an ossuary
  4717 | Ossuary  | Reached skill level 5 in Dodging
  5171 | D:5      | Noticed Pikel
  5192 | D:5      | Killed Pikel
  5193 | D:5      | Reached skill level 8 in Long Blades
  5467 | D:5      | Noticed Eustachio
  5481 | D:5      | Killed Eustachio
  5729 | D:6      | Reached XP level 9. HP: 57/75 MP: 9/9
  5972 | D:6      | Found a runed translucent door.
  5975 | D:6      | Found a runed translucent door.
  6042 | D:6      | Reached skill level 9 in Long Blades
  6460 | D:7      | Reached **** piety under Trog
  6474 | D:7      | Found a staircase to the Ecumenical Temple.
  6488 | D:7      | Noticed a troll
  6495 | D:7      | Killed a troll
  6496 | D:7      | Reached skill level 1 in Evocations
  6646 | D:7      | Reached skill level 10 in Long Blades
  6767 | D:7      | Found a sacrificial altar of Ru.
  7257 | D:8      | Found a flagged portal.
  7264 | Bailey   | Entered a bailey
  7406 | Bailey   | Noticed an orc knight
  7416 | Bailey   | Reached skill level 11 in Long Blades
  7426 | Bailey   | Killed an orc knight
  7426 | Bailey   | Slain by an orc warrior

Illustrated notes

Levels and vault maps discovered:
D:1:      amcnicky_arrival_abandoned_market, layout_loops_ring,
          grunt_decor_junction
D:2:      layout_basic, minmay_joined_circles
D:3:      layout_basic, general_overflow_altar, uniq_sigmund,
          uniq_crazy_yiuf_cottage
D:4:      layout_loops_cross, kennysheep_slug_shrine, hangedman_decor_opposing,
          minivault_19, uniq_robin
D:5:      layout_loops_ring, lightli_ossuary_entry_decrepit_ruins,
          hangedman_abyss_or_decor_lesser_grid, uniq_eustachio, uniq_pikel
D:6:      lemuel_insect_pit, layout_cave_pools, chequers_serial_rivers_marsh
D:7:      layout_cave_pools, hangedman_ru_absence, minmay_temple_entry_slanted,
          kennysheep_generic_room_5
D:8:      layout_loops_corners, okawaru_gym_becter, david_lair_generic,
          enter_bailey_2, kennysheep_kite_vault
Bailey:   bailey_axe_4, bailey

Skill      XL: |  1  2  3  4  5  6  7  8  9 |
---------------+----------------------------+-----
Dodging        | 3 4 5 6 |  6.0
Long Blades    | 4 5 6 7 8 11 | 11.0
Fighting       | 4 5 6 |  6.0
Short Blades   | 1 3 4 |  4.4
Evocations     | 4 |  4.2

Action                   |  1- 3 |  4- 6 |  7- 9 || total
-------------------------+-------+-------+-------++-------
Melee: Falchion          |   101 |   134 |   200 ||   435
       Tailslap          |     7 |    17 |    64 ||    88
       Punch             |     1 |     1 |     7 ||     9
       Dagger            |       |       |   197 ||   197
Invok: Berserk           |       |     7 |     5 ||    12
       Trog's Hand       |       |     1 |     2 ||     3
 Abil: Breathe Steam     |       |       |    14 ||    14
Evoke: Wand              |       |       |     2 ||     2
  Use: Scroll            |       |    11 |     6 ||    17
 Stab: Sleeping          |     2 |     2 |     2 ||     6
Armor: Skin              |    28 |    34 |   114 ||   176
Dodge: Dodged            |    63 |    66 |   218 ||   347

Table legend: (Time is in decaauts)
 A = Elapsed time spent in this place.
 B = Non-inter-level travel time spent in this place.
 C = Inter-level travel time spent in this place.
 D = Time resting spent in this place.
 E = Time spent auto-exploring this place.
 F = Levels seen in this place.
 G = Mean time per level.
                   A        B        C        D        E       F      G
               +--------+--------+--------+--------+--------+-----+--------+
         Total |   7448 |   7070 |    378 |    835 |   4706 |  10 |  744.8 |
       Dungeon |   6953 |   6575 |    378 |    805 |   4416 |   8 |  869.1 |
       Ossuary |    342 |    342 |      0 |      6 |    229 |   1 |  342.0 |
        Bailey |    151 |    151 |      0 |     24 |     60 |   1 |  151.0 |
               +--------+--------+--------+--------+--------+-----+--------+

Top non-repeatable levels by time:
     D:4: 1366 daAuts
     D:3: 1267 daAuts
     D:5: 1054 daAuts
     D:1: 891 daAuts
     D:2: 839 daAuts
     D:7: 736 daAuts
     D:6: 690 daAuts
 Ossuary: 342 daAuts
  Bailey: 151 daAuts
     D:8: 109 daAuts
